 Dungeon Crawl Stone Soup version 0.17-a0-1646-geb1493d (webtiles) character file.

460607 Geomchi the Executioner (level 23, -9/227 HPs)
             Began as a Minotaur Gladiator on Aug 8, 2015.
             Was a High Priest of Qazlal.
             Mangled by a storm dragon (25 damage)
             ... on level 5 of the Vaults on Aug 9, 2015.
             The game lasted 01:37:47 (58225 turns).

Geomchi the Executioner (Minotaur Gladiator)       Turns: 58225, Time: 01:37:47

Health: -9/227     AC: 11    Str: 34    XL:     23   Next: 36%
Magic:  3/29       EV: 32    Int:  5    God:    Qazlal [*****.]
Gold:   1613       SH:  7    Dex: 22    Spells: 0 memorised, 22 levels left

rFire  + . .     SeeInvis +     W - +3 battleaxe of Tortfeasance {speed, rElec}
rCold  + . .     Clarity  .     (no armour)
rNeg   . . .     SustAt   .     (no shield)
rPois  .         Gourm    .     c - +0 hat
rElec  +         Spirit   .     u - +0 cloak
rCorr  .         Warding  .     U - +2 pair of gloves {Str+3}
rMut   +         Stasis   .     k - +0 pair of boots
MR     +....                    K - amulet "Muvots" {rMut rElec Dex-3 SInv Stlth-}
Stlth  +.........               y - ring "Oshrimeol" {+Fly rC+ Dex+4 Slay+3}
                                L - ring "Supneymm" {rF+ Str+4 Dex+7}

@: protected from physical damage, repel missiles, somewhat resistant to hostile
enchantments, very unstealthy
A: retaliatory headbutt, horns 2
a: Upheaval, Elemental Force, Disaster Area, Renounce Religion, Evoke Flight
}: 2/15 runes: barnacled, gossamer


You were on level 5 of the Vaults.
You worshipped Qazlal.
Qazlal was extremely pleased with you.
You were not hungry.

You visited 8 branches of the dungeon, and saw 46 of its levels.
You visited the Abyss 2 times.

You collected 5672 gold pieces.
You spent 4059 gold pieces at shops.

Inventory:

Hand weapons
 I - the +12 mace "Acwuryta" {antimagic, +Blink MR+}
   (You found it on level 4 of the Shoals)

   It disrupts the flow of magical energy around spellcasters and certain
   magical creatures (including the wielder).
   It affects your resistance to hostile enchantments.
   It lets you blink.
 W - the +3 battleaxe of Tortfeasance (weapon) {speed, rElec}
   (You bought it in a shop on level 4 of the Orcish Mines)

   Attacks with this weapon are significantly faster.
   It insulates you from electricity.
Missiles
 d - 18 throwing nets (quivered)
Armour
 c - a +0 hat (worn)
 k - a +0 pair of boots (worn)
 r - the +15 Maxwell's patent armour {-Cast -Tele rElec MR+ rCorr}
   (You bought it in a shop on level 4 of the Shoals)

   It insulates you from electricity.
   It affects your resistance to hostile enchantments.
   It prevents spellcasting.
   It prevents most forms of teleportation.
   It protects you from acid and corrosion.
 u - a +0 cloak (worn)
 C - the +3 plate armour "Elaubboz" {*Confuse rF+ Str+2 Int+4}
   (You bought it in a shop on level 10 of the Dungeon)

   It affects your strength (+2).
   It affects your intelligence (+4).
   It protects you from fire.
   It may confuse you when you take damage.
 U - a +2 pair of gloves of strength (worn)
Jewellery
 o - an uncursed ring of protection from magic
 y - the ring "Oshrimeol" (right hand) {+Fly rC+ Dex+4 Slay+3}
   (You found it on level 3 of the Depths)

   [ring of protection from cold]

   It affects your dexterity (+4).
   It affects your accuracy and damage with ranged weapons and melee attacks
   (+3).
   It protects you from cold.
   It lets you fly.
 K - the amulet "Muvots" (around neck) {rMut rElec Dex-3 SInv Stlth-}
   (You took it off a kobold demonologist on level 3 of the Depths)

   [amulet of resist mutation]

   It protects you from mutation.
   It affects your dexterity (-3).
   It insulates you from electricity.
   It lets you see invisible.
   It makes you less stealthy.
 L - the ring "Supneymm" (left hand) {rF+ Str+4 Dex+7}
   (You found it on level 8 of the Lair of Beasts)

   [ring of protection from fire]

   It affects your strength (+4).
   It affects your dexterity (+7).
   It protects you from fire.
Magical devices
 v - a wand of heal wounds (6)
 M - a wand of fireball (6)
 X - a wand of heal wounds (5)
Scrolls
 b - 2 scrolls of identify
 f - 2 scrolls of summoning
 h - 22 scrolls of remove curse
 i - 12 scrolls of teleportation
 j - 3 scrolls of recharging
 s - 7 scrolls of enchant armour
 x - 13 scrolls of enchant weapon
 A - 5 scrolls of amnesia
 F - 5 scrolls of blinking
 J - 4 scrolls of brand weapon
 Q - 6 scrolls of fog
 R - 6 scrolls of fear
 T - 9 scrolls of magic mapping
Potions
 a - a potion of resistance {unknown}
 g - 4 potions of might
 l - 3 potions of cancellation
 p - 7 potions of brilliance
 t - 6 potions of invisibility
 w - 5 potions of curing
 z - 7 potions of heal wounds
 B - 6 potions of flight
 D - a potion of magic
 E - 2 potions of berserk rage
 O - 2 potions of haste
 V - 4 potions of cure mutation
 Z - 3 potions of agility
Miscellaneous
 m - a phantom mirror
Comestibles
 e - 21 bread rations {@e1}
 n - 18 meat rations {@e2}
 q - 5 fruits
 H - 14 slices of pizza


   Skills:
 + Level 23.5 Fighting
 + Level 25.5 Axes
 - Level 2.0 Throwing
 - Level 22.3 Armour
 - Level 19.7 Dodging
 - Level 9.5 Invocations


You had 22 spell levels left.
You didn't know any spells.

Dungeon Overview and Level Annotations

Branches:
Dungeon (15/15)            Temple (1/1) D:6            Lair (8/8) D:11
 Shoals (4/4) Lair:5       Spider (4/4) Lair:4        Slime (0/6) Lair:7
    Orc (4/4) D:10            Elf (0/3) Orc:4        Vaults (5/5) D:14
  Crypt (0/3) Vaults:3     Depths (5/5) D:15            Zot (0/5) Depths:5

Altars:
Cheibriados
Dithmenos
Fedhas
Gozag
Kikubaaqudgha
Makhleb
Nemelex Xobeh
Qazlal
Ru
Sif Muna
Trog
Xom
Yredelemnul
Zin
Beogh
Jiyva
Lugonu

Shops:
D:10 %**?   D:11 }   Orc:4 (}((   Shoals:4 [?([

Portals:
Hell: Depths:1 Depths:2 Depths:3 Depths:4 Depths:5
Abyss: Depths:4
Pandemonium: Depths:1 Depths:2 Depths:3
Ziggurat: Depths:4

Annotations:
Lair:7 1 runed door
Depths:3 2 runed doors
Depths:4 exclusions: 3 eyes of devastation and shining eye


Innate Abilities, Weirdness & Mutations

You reflexively headbutt those who attack you in melee.
You have a pair of horns on your head.


Message History

The phantasmal warrior completely misses you.
You furiously retaliate!
You headbutt the phantasmal warrior! The ancient lich touches you!
* * * LOW HITPOINT WARNING * * *
The ettin hits you with a dire flail!!
* * * LOW HITPOINT WARNING * * *
The ettin completely misses you.
The fire giant hits you with a great sword of flaming!
* * * LOW HITPOINT WARNING * * *
The fire giant burns you.
* * * LOW HITPOINT WARNING * * *
The vault warden is engulfed in freezing vapours.
You block the frost giant's attack.
The green very ugly thing is engulfed in freezing vapours.
You kill the green very ugly thing!
Qazlal accepts your kill.
The lich is engulfed in roaring flames.
The lich touches you but does no damage.
The storm dragon bites you!!
You die...

....... ....#
......).....# ..
....c..#....#..#
...pc.c.....#...
.c.cc..........
.##.#pv*pp....##
....cTQD§D§.....
..!...pCCL§v....
.=...cQD@Wm<....
......pLCD§.....
######N...§...##
#...........
#...#....#...
....##....# ..
....# #....# .
.... #....#


You could see a golden dragon, an ancient lich, 2 storm dragons, a frost giant,
a fire giant, a quicksilver dragon, 3 vault wardens, 2 tengu reavers, a lich, a
yaktaur captain, a salamander stormcaller, an ettin, 2 hell knights, a merfolk
shaped shifter, a deep troll, a faun shaped shifter, a phantasmal warrior, 6
yaktaurs and a necromancer (invisible).

Vanquished Creatures
  Mara (Depths:1)
  An ancient lich (Abyss:1)
  Sojobo (Depths:1)
  2 golden dragons (Depths:4)
  2 bone dragons (Abyss:1)
  A profane servitor (Abyss:1)
  Arachne (Spider:2)
  Jorgrun (Shoals:4)
  A tentacled monstrosity (Depths:4)
  A lich (Depths:4)
  Asterion (Spider:3)
  A titan (Vaults:1)
  A quicksilver dragon (Depths:4)
  An Executioner (Depths:3)
  An octopode crusher (Shoals:2)
  3 sphinxes (Depths:4)
  6 krakens
  5 tentacled starspawn (Abyss:1)
  2 shadow dragons
  3 storm dragons
  8 tengu reavers
  A draconian monk (Depths:5)
  7 fire giants
  Ilsuiw (Shoals:4)
  Wiglaf (Depths:1)
  12 vault wardens
  5 frost giants
  3 deep elf sorcerers
  2 cacodemons (Abyss:1)
  7 emperor scorpions
  2 ghost moths (Spider:4)
  14 ironheart preservers
  2 ghouls (Vaults:3)
  A balrug (Depths:3)
  A spriggan defender (Depths:4)
  An ophan (Abyss:1)
  14 very ugly things
  17 stone giants
  2 vampire knights
  5 deep elf demonologists
  2 red draconians (Depths:5)
  2 salamander stormcallers
  Azrael (D:13)
  2 deep elf annihilators
  2 mottled draconians (Depths:5)
  A green draconian (Depths:5)
  3 yellow draconians (Depths:5)
  6 ettins
  A deep elf death mage (Vaults:3)
  11 merfolk javelineers
  21 vault guards
  A blizzard demon (Depths:3)
  7 fire dragons
  3 death oozes
  5 merfolk impalers
  5 rakshasas
  16 great orbs of eyes
  15 ice dragons
  5 entropy weavers
  4 catoblepae
  A hydra (Lair:2)
  An entropy weaver (shapeshifter) (Depths:5)
  2 spriggan air magi (Depths:4)
  11 ogre magi
  11 yaktaur captains
  12 centaur warriors
  2 alligator snapping turtles
  A hell beast (Depths:1)
  6 merfolk avatars
  7 deep troll earth magi
  A dancing weapon (Abyss:1)
  13 death yaks
  7 merfolk aquamancers
  A queen ant (D:9)
  3 orc high priests (Orc:4)
  2 tengu warriors
  2 satyrs
  5 deep troll shamans
  A spriggan berserker (Depths:4)
  Urug (Lair:2)
  A shock serpent (shapeshifter) (Vaults:1)
  3 thrashing horrors (Abyss:1)
  2 hell hogs (Abyss:1)
  4 deep elf knights
  Sonja (Orc:4)
  Nergalle (D:11)
  4 wretched stars (Abyss:1)
  2 sun demons
  2 iron trolls
  A fire crab (Vaults:3)
  A gelid demonspawn (Depths:1)
  2 skeletal warriors
  18 hell knights
  An ice devil (Abyss:1)
  20 deep trolls
  10 sea snakes
  A giant orange brain (Vaults:3)
  2 flayed ghosts
  6 unseen horrors
  4 wizards
  An anubis guard (shapeshifter) (Vaults:1)
  A death drake (shapeshifter) (Vaults:1)
  2 deep elf summoners (Vaults:2)
  9 starcursed masses (Abyss:1)
  A lindwurm (Lair:7)
  Pikel (D:4)
  A phantasmal warrior (Vaults:3)
  12 hill giants
  6 ironbrand convokers
  8 harpies
  4 necromancers
  3 deep elf conjurers
  16 griffons
  5 hornets
  52 ugly things
  An oklob plant (Lair:7)
  A human zombie (Vaults:3)
  6 orc sorcerers
  13 orc knights
  11 cyclopes
  23 wolf spiders
  15 orb spiders
  9 water nymphs
  2 hornets (shapeshifter) (Vaults:2)
  A water nymph (shapeshifter) (Depths:4)
  2 worldbinders (Abyss:1)
  8 fauns
  A moth of wrath (shapeshifter) (Depths:4)
  A guardian serpent (shapeshifter) (Vaults:3)
  The ghost of Strutyk the Basher, an experienced GrFi (D:9)
  15 vault sentinels
  10 sirens
  Joseph (D:9)
  6 orange demons
  3 smoke demons
  6 elephants (Lair:2)
  3 molten gargoyles
  A manticore (shapeshifter) (Depths:4)
  5 black mambas
  5 centaur zombies
  A guardian serpent (Abyss:1)
  11 manticores
  Psyche (D:12)
  A torpor snail (Spider:3)
  An efreet (D:13)
  3 sixfirhies (Abyss:1)
  A centaur skeleton (D:12)
  64 yaktaurs
  12 spiny frogs
  2 hellwings
  5 demonic crawlers
  6 komodo dragons
  A gargoyle (D:15)
  9 kobold demonologists
  2 tengu conjurers
  8 trolls
  5 freezing wraiths
  3 fire drakes
  A jumping spider (shapeshifter) (Vaults:3)
  A wind drake (shapeshifter) (Vaults:3)
  2 merfolk (shapeshifter)
  8 deep elf priests
  23 jumping spiders
  39 merfolk
  A polar bear (Lair:6)
  2 ancient zymes (Abyss:1)
  2 wind drakes
  A queen bee (D:11)
  3 raiju (Abyss:1)
  8 snapping turtles
  12 slime creatures
  A trapdoor spider zombie (D:13)
  A boulder beetle (shapeshifter) (Depths:4)
  17 two-headed ogres
  4 boulder beetles
  9 large abominations (Abyss:1)
  5 deep elf magi
  23 blink frogs
  39 redbacks
  A flying skull (Abyss:1)
  2 shadows
  7 fire elementals
  20 tarantellas
  A centaur simulacrum (D:14)
  4 wyverns
  2 trapdoor spiders (shapeshifter)
  8 wraiths
  A spriggan (shapeshifter) (Depths:1)
  2 vampires
  19 humans
  A yak (shapeshifter) (Depths:1)
  47 yaks
  2 basilisks
  5 chaos spawn
  A black mamba skeleton (Abyss:1)
  A spriggan (Depths:4)
  4 ynoxinuls
  Eustachio (D:4)
  22 trapdoor spiders
  13 small abominations
  A steam dragon (D:12)
  12 water elementals
  11 deep elf fighters
  A human (shapeshifter) (Depths:3)
  14 hippogriffs
  A fire bat (Abyss:1)
  14 wolves
  3 hungry ghosts
  9 neqoxecs
  7 soldier ants
  A mottled dragon (D:14)
  22 vampire mosquitoes
  Edmund (D:4)
  A deep troll zombie (Vaults:3)
  10 swamp worms (Spider:4)
  20 water moccasins
  5 hell hounds
  10 porcupines
  33 spiders
  27 orc warriors
  The ghost of ontamu the Sneak, an average VSEn of Ru (D:4)
  2 wasps
  6 ice beasts
  2 slaves (D:4)
  2 eyes of draining
  5 sky beasts
  32 ogres
  2 black bears
  36 centaurs
  18 crocodiles
  4 phantoms
  6 big kobolds
  4 boggarts
  A wasp (shapeshifter) (Vaults:4)
  Blork the orc (D:4)
  20 giant frogs
  2 brain worms
  A glowing shapeshifter simulacrum (Vaults:3)
  A water moccasin zombie (D:9)
  A wyvern skeleton (D:12)
  A wyvern zombie (D:11)
  2 scorpions
  4 electric eels
  23 killer bees
  4 lava snakes (D:13)
  16 wights
  16 crimson imps
  7 hounds
  8 jellies (Lair:8)
  A giant frog zombie (D:11)
  25 orc priests
  2 giant frog skeletons
  5 quasits
  8 iguanas
  3 gnoll shamans
  5 iron imps
  29 orc wizards
  Natasha (twice) (D:2)
  30 worker ants
  A hell rat (Lair:3)
  A killer bee zombie (D:8)
  36 sheep
  A hound skeleton (D:8)
  2 hound zombies
  A worker ant zombie (D:6)
  14 adders
  15 gnolls
  56 river rats
  6 white imps
  4 shadow imps
  7 ufetubi
  8 oozes
  3 adder skeletons
  9 worms
  4 giant geckos
  186 orcs
  15 bats
  5 giant cockroaches
  6 goblins
  8 hobgoblins
  9 jackals
  32 kobolds
  5 quokkas
  2 giant gecko skeletons (D:7)
  A giant gecko zombie (D:5)
  4 giant newts
  2 quokka skeletons (D:9)
  18 rats
  A bush (Shoals:4)
  2 crawling corpses (Vaults:3)
  A fire vortex (Vaults:5)
  65 fungi
  A lurking horror (Abyss:1)
  94 plants
  2 starspawn tentacles (Abyss:1)
  21 tentacles
  A tentacle segment (Shoals:4)
2395 creatures vanquished.

Vanquished Creatures (collateral kills)
  2 orb spiders
2 creatures vanquished.

Vanquished Creatures (others)
  A quicksilver dragon (Vaults:5)
  A tengu reaver (Vaults:5)
  An ironheart preserver (Vaults:5)
  A stone giant (Vaults:5)
  A white draconian (Depths:5)
  5 vault guards (Vaults:5)
  An ice dragon (Depths:2)
  An alligator (shapeshifter) (Vaults:5)
  A hell knight (Vaults:5)
  A deep troll (Depths:3)
  A tengu zombie (Vaults:3)
  A necromancer (Vaults:2)
  A wolf spider zombie (D:13)
  A vault sentinel (Vaults:3)
  A water elemental (Depths:1)
  2 orcs
  24 fungi
  A lurking horror (Abyss:1)
  43 plants
  7 starspawn tentacles (Abyss:1)
  12 starspawn tentacle segments (Abyss:1)
  24 tentacles
  1158 tentacle segments
1290 creatures vanquished.

Grand Total: 3687 creatures vanquished

Notes
Turn   | Place    | Note
--------------------------------------------------------------
     0 | D:1      | Geomchi the Minotaur Gladiator began the quest for the Orb.
     0 | D:1      | Reached XP level 1. HP: 18/18 MP: 0/0
    72 | D:1      | Reached skill level 4 in Axes
   158 | D:1      | Reached XP level 2. HP: 25/25 MP: 1/1
   565 | D:2      | Found a stormy altar of Qazlal.
   580 | D:2      | Found a blossoming altar of Fedhas.
   588 | D:2      | Became a worshipper of Qazlal Stormbringer
   637 | D:2      | Reached skill level 5 in Axes
   637 | D:2      | Reached XP level 3. HP: 28/30 MP: 2/2
  1069 | D:2      | Noticed Natasha
  1072 | D:2      | Killed Natasha
  1072 | D:2      | Reached skill level 6 in Axes
  1072 | D:2      | Reached XP level 4. HP: 37/37 MP: 3/3
  1127 | D:2      | Noticed Natasha
  1133 | D:2      | Killed Natasha
  1645 | D:3      | Acquired Qazlal's first power
  1653 | D:3      | Reached XP level 5. HP: 40/42 MP: 4/4
  1708 | D:3      | Reached skill level 7 in Axes
  2271 | D:3      | Found a shimmering altar of Xom.
  2391 | D:4      | Noticed Blork the orc
  2405 | D:4      | Killed Blork the orc
  2405 | D:4      | Reached XP level 6. HP: 19/52 MP: 5/5
  2424 | D:4      | Noticed Edmund
  2836 | D:4      | Killed Edmund
  2836 | D:4      | Reached skill level 8 in Axes
  2836 | D:4      | Reached XP level 7. HP: 59/59 MP: 6/6
  3044 | D:4      | Found an opulent altar of Gozag.
  3044 | D:4      | Found a glowing silver altar of Zin.
  3277 | D:4      | Found a bloodstained altar of Trog.
  3315 | D:4      | Noticed ontamu's ghost (average VSEn)
  3328 | D:4      | Killed ontamu's ghost
  3328 | D:4      | Reached skill level 5 in Dodging
  3331 | D:4      | Acquired Qazlal's second power
  3407 | D:4      | Noticed a slave
  3409 | D:4      | Noticed a slave
  3416 | D:4      | Killed a slave
  3422 | D:4      | Killed a slave
  3510 | D:4      | Noticed Pikel
  3514 | D:4      | Noticed a slave
  3516 | D:4      | Noticed a slave
  3521 | D:4      | Killed Pikel
  3521 | D:4      | Reached skill level 9 in Axes
  3521 | D:4      | Reached XP level 8. HP: 59/66 MP: 7/7
  3638 | D:4      | Noticed Eustachio
  3649 | D:4      | Killed Eustachio
  3649 | D:4      | Reached skill level 10 in Axes
  3867 | D:5      | Entered Level 5 of the Dungeon
  3870 | D:5      | Reached skill level 1 in Armour
  4025 | D:5      | Reached skill level 5 in Fighting
  4043 | D:5      | Found a basalt altar of Yredelemnul.
  4397 | D:5      | Reached skill level 5 in Armour
  4406 | D:5      | Reached XP level 9. HP: 60/74 MP: 8/8
  5102 | D:6      | Found a staircase to the Ecumenical Temple.
  5104 | D:6      | Acquired Qazlal's third power
  5265 | Temple   | Entered the Ecumenical Temple
  5505 | D:6      | Found a sparkling altar of Nemelex Xobeh.
  5547 | D:6      | Found a sparkling altar of Nemelex Xobeh.
  6081 | D:6      | Reached skill level 11 in Axes
  6496 | D:7      | Found a sacrificial altar of Ru.
  6958 | D:7      | Acquired Qazlal's fourth power
  7451 | D:8      | Reached XP level 10. HP: 80/84 MP: 9/9
  8413 | D:9      | Noticed Strutyk's ghost (experienced GrFi)
  8424 | D:9      | Killed Strutyk's ghost
  8636 | D:9      | Acquired Qazlal's fifth power
  8661 | D:9      | Noticed Joseph
  8661 | D:9      | Reached skill level 12 in Axes
  8674 | D:9      | Killed Joseph
  8847 | D:9      | Reached skill level 10 in Fighting
  9146 | D:9      | Noticed a queen ant
  9154 | D:9      | Killed a queen ant
  9154 | D:9      | Reached XP level 11. HP: 88/101 MP: 10/10
  9262 | D:9      | Found a shadowy altar of Dithmenos.
  9398 | D:9      | Found an ancient bone altar of Kikubaaqudgha.
  9405 | D:9      | Found a deep blue altar of Sif Muna.
  9530 | D:10     | Entered Level 10 of the Dungeon
  9536 | D:10     | Found a stormy altar of Qazlal.
  9587 | D:10     | Found a blossoming altar of Fedhas.
  9646 | D:10     | Found Peasiddy's Food Shop.
  9688 | D:10     | Reached skill level 13 in Axes
  9697 | D:10     | Found Debbouss's Assorted Antiques.
  9785 | D:10     | Noticed a hill giant
  9790 | D:10     | Killed a hill giant
  9885 | D:10     | Found Ycialeuq's Assorted Antiques.
  9888 | D:10     | Bought a scroll of identify for 64 gold pieces
  9888 | D:10     | Bought a scroll of identify for 64 gold pieces
 10133 | D:10     | Noticed a hill giant
 10141 | D:10     | Killed a hill giant
 10309 | D:10     | Reached skill level 10 in Armour
 10403 | D:10     | Found Eplut's Magic Scroll Emporium.
 10429 | D:10     | Bought a scroll of teleportation for 42 gold pieces
 10429 | D:10     | Bought 2 scrolls of identify for 56 gold pieces
 10429 | D:10     | Bought a scroll of identify for 28 gold pieces
 10429 | D:10     | Bought a scroll of teleportation for 42 gold pieces
 10439 | D:10     | Found a staircase to the Orcish Mines.
 10619 | D:11     | Reached skill level 14 in Axes
 10964 | D:11     | Reached skill level 1 in Invocations
 10975 | D:11     | Killed an unseen horror
 11086 | D:11     | Noticed Nergalle
 11092 | D:11     | Killed Nergalle
 11131 | D:11     | Reached XP level 12. HP: 110/110 MP: 13/13
 11181 | D:11     | Noticed a hill giant
 11182 | D:11     | Found Wuatadgh's Gadget Shop.
 11189 | D:11     | Killed a hill giant
 11434 | D:11     | Noticed a centaur warrior
 11439 | D:11     | Killed a centaur warrior
 11448 | D:11     | Reached skill level 5 in Invocations
 11460 | D:11     | Reached skill level 15 in Axes
 11640 | D:11     | Found a staircase to the Lair.
 12104 | Orc:1    | Entered Level 1 of the Orcish Mines
 13010 | Orc:1    | Found a shimmering altar of Xom.
 14102 | D:10     | Bought an ichor-stained plate armour for 896 gold pieces
 14112 | D:10     | Identified the +3 plate armour "Elaubboz" {*Confuse rF+ Str+2 Int+4} (You bought it in a shop on level 10 of the Dungeon)
 14434 | Orc:4    | Entered Level 4 of the Orcish Mines
 14688 | Orc:4    | Reached skill level 16 in Axes
 14792 | Orc:4    | Paralysed by an orc sorcerer for 7 turns
 14798 | Orc:4    | HP: 4/110 [sixfirhy[an orc sorcerer] (10)]
 15226 | Orc:4    | Found Culom's Antique Weapon Emporium.
 15226 | Orc:4    | Found Jagaheni's Weapon Boutique.
 15228 | Orc:4    | Found Xoza's Weapon Emporium.
 15228 | Orc:4    | Found Nociv's Gadget Boutique.
 15329 | Orc:4    | Found a staircase to the Elven Halls.
 15344 | Orc:4    | Noticed Sonja
 15354 | Orc:4    | Killed Sonja
 15702 | Lair:1   | Entered Level 1 of the Lair of Beasts
 16137 | Lair:1   | Got a warped mace
 16138 | Lair:1   | Identified the +1 mace of Extinguishment {antimagic, rElec rF+ MR-} (You found it on level 1 of the Lair of Beasts)
 16392 | Lair:1   | Reached XP level 13. HP: 103/116 MP: 18/18
 17548 | Lair:2   | Noticed Urug
 17559 | Lair:2   | Killed Urug
 18846 | Lair:3   | Reached skill level 10 in Dodging
 18847 | Lair:3   | Reached skill level 17 in Axes
 19906 | Lair:4   | Reached XP level 14. HP: 127/127 MP: 19/19
 19907 | Lair:4   | Found a hole to the Spider Nest.
 20369 | Lair:5   | Found a staircase to the Shoals.
 20787 | Lair:5   | Reached skill level 18 in Axes
 22772 | Lair:7   | Found a runed door.
 22772 | Lair:7   | Found a viscous altar of Jiyva.
 22773 | Lair:7   | Noticed an acid blob
 22774 | Lair:7   | Found a staircase to the Slime Pits.
 22774 | Lair:7   | Noticed an acid blob
 22774 | Lair:7   | Noticed an acid blob
 23181 | Lair:8   | Entered Level 8 of the Lair of Beasts
 23670 | Lair:8   | Reached skill level 19 in Axes
 23675 | Lair:7   | Paralysed by a great orb of eyes for 4 turns
 23984 | Lair:8   | Reached skill level 15 in Fighting
 24429 | Lair:8   | Reached XP level 15. HP: 129/139 MP: 17/20
 24495 | Lair:8   | Paralysed by a great orb of eyes for 4 turns
 24674 | Lair:8   | Reached skill level 20 in Axes
 24803 | Lair:8   | Got a faintly glowing platinum ring
 25005 | Lair:8   | Found a viscous altar of Jiyva.
 25424 | Orc:4    | Bought the +3 battleaxe of Tortfeasance {speed, rElec} for 727 gold pieces
 25752 | D:12     | Noticed Psyche
 25760 | D:12     | Killed Psyche
 27056 | D:13     | Identified the ring "Supneymm" {rF+ Str+4 Dex+7} (You found it on level 8 of the Lair of Beasts)
 27131 | D:13     | Noticed a tengu reaver
 27147 | D:13     | Killed a tengu reaver
 27160 | D:13     | Got an encrusted flail
 27161 | D:13     | Identified the +4 flail "Kusyus" {flame, rN++} (You took it off a tengu reaver on level 13 of the Dungeon)
 27177 | D:13     | Noticed Azrael
 27189 | D:13     | Killed Azrael
 28248 | D:14     | Found a gate to the Vaults.
 29198 | D:15     | Entered Level 15 of the Dungeon
 29426 | D:15     | Reached XP level 16. HP: 147/147 MP: 21/21
 29584 | D:15     | Found a staircase to the Depths.
 30562 | Shoals:1 | Entered Level 1 of the Shoals
 30577 | Shoals:1 | Reached skill level 15 in Armour
 31004 | Shoals:1 | Found a runed door.
 32168 | Spider:1 | Entered Level 1 of the Spider Nest
 33096 | Spider:1 | Found a roughly hewn altar of Beogh.
 33314 | Spider:2 | Noticed Arachne
 33332 | Spider:2 | Killed Arachne
 33975 | Spider:2 | Gained mutation: Your muscles are strong. (Str +2) [potion of beneficial mutation]
 34002 | Spider:3 | Noticed Asterion
 34011 | Spider:3 | Killed Asterion
 35059 | Spider:4 | Entered Level 4 of the Spider Nest
 35080 | Spider:4 | Reached XP level 17. HP: 113/160 MP: 10/23
 35512 | Spider:4 | Reached skill level 21 in Axes
 37173 | Spider:4 | Got a gossamer rune of Zot
 38334 | Shoals:2 | Reached skill level 22 in Axes
 39810 | Shoals:4 | Entered Level 4 of the Shoals
 39815 | Shoals:4 | Noticed Ilsuiw
 39818 | Shoals:4 | Reached XP level 18. HP: 174/174 MP: 17/24
 39832 | Shoals:4 | Killed Ilsuiw
 39848 | Shoals:4 | Noticed Jorgrun
 39866 | Shoals:4 | Killed Jorgrun
 39904 | Shoals:4 | Got a pitted mace
 40273 | Shoals:3 | Identified the +12 mace "Acwuryta" {antimagic, +Blink MR+} (You found it on level 4 of the Shoals)
 40457 | Shoals:4 | Found Ilippuin's Antique Weapon Shop.
 40981 | Shoals:4 | Reached skill level 23 in Axes
 41256 | Shoals:4 | Found Gaiqeval's Magic Scroll Emporium.
 41306 | Shoals:4 | Found Ylun's Antique Armour Shoppe.
 41353 | Shoals:4 | Bought a warped scale mail for 207 gold pieces
 41353 | Shoals:4 | Identified the +1 scale mail of the Gate {rC+ Str+2} (You bought it in a shop on level 4 of the Shoals)
 41699 | Shoals:4 | Got a barnacled rune of Zot
 41754 | Shoals:4 | Found Niapap's Antique Weapon Shoppe.
 41756 | Shoals:4 | Found Qeotwis's Armour Shop.
 42244 | Vaults:1 | Entered Level 1 of the Vaults
 42812 | Vaults:1 | Reached XP level 19. HP: 96/187 MP: 13/25
 43541 | Vaults:1 | Found a basalt altar of Yredelemnul.
 44738 | Vaults:2 | Reached skill level 15 in Dodging
 44843 | Vaults:2 | Paralysed by an ogre mage for 3 turns
 45013 | Vaults:2 | Got a pair of shimmering gloves
 45014 | Vaults:2 | Identified the +0 pair of gloves "Eneenu" {rN+} (You found it on level 2 of the Vaults)
 45496 | Vaults:2 | Cast into the Abyss (a deep elf sorcerer)
 45983 | Abyss:1  | Found a corrupted altar of Lugonu.
 46007 | Abyss:1  | Gained mutation: Scrolls take you a little longer to read. [a cacodemon]
 46012 | Abyss:1  | Found a corrupted altar of Lugonu.
 46114 | Abyss:1  | Reached XP level 20. HP: 58/198 MP: 15/26
 46132 | Abyss:1  | Lost mutation: Your muscles are strong. (Str +2) [a neqoxec]
 46192 | Abyss:1  | Noticed a bone dragon
 46216 | Abyss:1  | Killed a bone dragon
 46246 | Abyss:1  | Reached skill level 24 in Axes
 46537 | Abyss:1  | Noticed an ancient lich
 46554 | Abyss:1  | Killed an ancient lich
 46586 | Vaults:2 | Escaped the Abyss
 46628 | Vaults:2 | Lost mutation: Scrolls take you a little longer to read. [potion of cure mutation]
 47004 | Vaults:3 | Cast into the Abyss (a deep elf sorcerer)
 47021 | Vaults:3 | Escaped the Abyss
 47313 | Vaults:2 | Upgraded the game from 0.17-a0-1638-g2ccaed7 to 0.17-a0-1646-geb1493d
 47819 | Vaults:3 | Found a staircase to the Crypt.
 48530 | Vaults:4 | Reached skill level 25 in Axes
 48854 | Vaults:4 | Reached XP level 21. HP: 194/211 MP: 18/27
 50438 | Shoals:4 | Bought the +15 Maxwell's patent armour {-Cast -Tele rElec MR+ rCorr} for 1933 gold pieces
 50923 | Depths:1 | Entered Level 1 of the Depths
 50924 | Depths:1 | Noticed Mara
 50927 | Depths:1 | Noticed Geomchi's illusion
 50940 | Depths:1 | Killed Mara
 51070 | Depths:1 | Found a snail-covered altar of Cheibriados.
 51157 | Depths:1 | Found a gateway to Hell.
 51188 | Depths:1 | Noticed Sojobo
 51202 | Depths:1 | Killed Sojobo
 51235 | Depths:1 | Noticed Wiglaf
 51250 | Depths:1 | Killed Wiglaf
 51414 | Depths:1 | Found a one-way gate leading to the halls of Pandemonium.
 52705 | Depths:2 | Got a heavily runed chain mail
 52706 | Depths:2 | Identified the cursed +0 chain mail "Aseh" {MP+9} (You found it on level 2 of the Depths)
 53311 | Depths:3 | Reached XP level 22. HP: 154/220 MP: 24/28
 53892 | Depths:3 | Gained mutation: Armour fits poorly on your strangely shaped body. [a neqoxec]
 54379 | Depths:3 | Gained mutation: You tend to lose your temper in combat. [a neqoxec]
 54517 | Depths:3 | Got a clouded platinum amulet
 54519 | Depths:3 | Identified the amulet "Muvots" {rMut rElec Dex-3 SInv Stlth-} (You took it off a kobold demonologist on level 3 of the Depths)
 54539 | Depths:3 | Found a runed door.
 54543 | Depths:3 | Found a runed door.
 54575 | Depths:3 | Found a burning altar of Makhleb.
 54640 | Depths:3 | Got a shimmering steel ring
 54642 | Depths:3 | Identified the ring "Oshrimeol" {+Fly rC+ Dex+4 Slay+3} (You found it on level 3 of the Depths)
 54841 | Depths:4 | Found a corrupted altar of Lugonu.
 54841 | Depths:4 | Found a one-way gate to the infinite horrors of the Abyss.
 54908 | Depths:4 | Found a burning altar of Makhleb.
 55589 | Depths:4 | Lost mutation: Armour fits poorly on your strangely shaped body. [potion of cure mutation]
 55589 | Depths:4 | Lost mutation: You tend to lose your temper in combat. [potion of cure mutation]
 56276 | Depths:4 | Found a gateway to a ziggurat.
 56330 | Depths:5 | Entered Level 5 of the Depths
 56500 | Depths:5 | Reached XP level 23. HP: 192/226 MP: 29/29
 57269 | Depths:5 | Found a sparkling altar of Nemelex Xobeh.
 57344 | Depths:5 | Found a gate to the Realm of Zot.
 57450 | Depths:5 | Found an ancient bone altar of Kikubaaqudgha.
 58190 | Vaults:5 | Entered Level 5 of the Vaults
 58203 | Vaults:5 | Noticed an ancient lich
 58225 | Vaults:5 | Mangled by a storm dragon

Vault maps used:
D:1:      onia_arrival_pyramid, st_stairs_8, kennysheep_pointless_box,
          minmay_splitting_lines
D:2:      grunt_temple_overflow_forces_of_nature, uniq_natasha
D:3:      led_xom_imps
D:4:      grunt_temple_overflow_gold_and_silver, lemuel_coloured_pillars_altar,
          first_bread, hangedman_abyss_or_decor_passed, minivault_11,
          hangedman_decor_diamond_cutter, uniq_pikel, uniq_eustachio,
          uniq_blork_the_orc, uniq_edmund
D:5:      serial_co_window_serial, co_window_paths_b, co_window_corner_a,
          co_window_paths_b, co_window_paths_a, co_window_corner_a,
          co_window_2corner, co_window_broadway_a, co_window_2corner,
          co_window_paths_e, glass_columns_b, glass_columns_b, glass_columns_a,
          yredelemnul_altar_generic
D:6:      nemelex_deck, minmay_temple_entry_large_hall,
          nemelex_lonely_heart_becter
D:7:      nicolae_ru_great_annihilating_truth
D:8:      grunt_pizzeria, amalloy_card_club
D:9:      amethyst_overflow_temple_binary, kennysheep_mini_moat,
          minmay_another_anthill, uniq_joseph
D:10:     orc_0_dummy, basic_altar, serial_shops, shop, nicolae_shop_trees,
          nicolae_shop_crystal, shop, fedhas_bush_and_centaur_altar
D:11:     grunt_lair_entry_elf_guard_hut, serial_shops, shop,
          nicolae_looking_at_the_future, uniq_nergalle
D:12:     uniq_psyche
D:13:     kennysheep_four_of_diamonds, serial_bayou_crossing, uniq_azrael
D:14:     grunt_vaults_entry_tiered, patterned_corridor
D:15:     hangedman_depths_entry_civil_slaughter, moated_statue
Temple:   minmay_temple_bridge_a_8
Lair:1:   statuecave_lemuel
Lair:2:   serial_bayou_lagoon_a, st_stairs_4, serial_bayou_shore_a,
          lemuel_fruit_tree, uniq_urug
Lair:3:   kennysheep_abandoned_house, grunt_megastairs_1
Lair:4:   nicolae_spider_entry_tight_spaces, grunt_megastairs_2
Lair:5:   elwin_shoals_entry_stream, lemuel_old_faithful
Lair:7:   slime_altar_2
Lair:8:   evilmike_catoblepas_cave, special_room, grunt_forest_stairs_basic
Shoals:1: lightli_airlock
Shoals:2: cheibrodos_shoals_oceanic_diplomacy, nicolae_shoals_so_close
Shoals:4: serial_shops, shop, shop, nicolae_shop_competitors_out_of_business,
          shop, shop_coins, shoals_end_hangedman, shoal_ilsuiw, yaktaur_hedge,
          uniq_jorgrun
Spider:1: nicolae_spider_mines_2
Spider:2: uniq_arachne
Spider:3: uniq_asterion
Spider:4: grunt_spider_rune_circles, worms_lemuel,
          hangedman_spider_tarantella_strand
Orc:1:    basic_altar
Orc:3:    nicolae_orc_pool_cavern, statue_in_the_mist_lemuel
Orc:4:    grunt_orc_tribal_feast, uniq_sonja
Vaults:1: st_quartered_hall, vaults_dpeg_spiral, ontoclasm_vaults_hangar,
          v_misc_23, v_rooms_2, ontoclasm_vaults_chip, grunt_vaults_focal,
          vaults_room_pool, ontoclasm_vaults_fault, v_rooms_3,
          ontoclasm_vaults_decontamination, nicolae_vaults_theta, basic_altar
Vaults:2: v_misc_17, serial_ice_b, nicolae_vaults_hallways_thing,
          vaults_mumra_lcd, v_misc_15, grunt_vaults_hallway_long,
          v_alt_pattern_5, nicolae_vaults_c_with_doors,
          nicolae_vaults_ring_of_whatevers, vaults_dpeg_ring,
          vaults_room_corners
Vaults:3: minmay_crypt_entry_simple_walls, nicolae_vaults_alarming, v_misc_10,
          ontoclasm_vaults_shuriken, nicolae_vaults_little_squares_3
Vaults:4: hangedman_vaults_stream, hangedman_vaults_hat, v_misc_22,
          vaults_dpeg_doors, nicolae_vaults_halls_meeting, vaults_room_corners,
          v_misc_23, grunt_vaults_funnel, grunt_vaults_twisty,
          hangedman_vaults_impose, vaults_room_semicircle
Depths:1: grunt_pan_entry_spiral, minmay_stone_trees_small, hell_entry,
          nrook_pool_corridor, solitary_fountain, st_stairs_11, library_closet,
          cheibriados_altar_1, serial_bayou_shore_b, grunt_megastairs_4,
          uniq_mara, uniq_wiglaf, uniq_sojobo
Depths:2: mu_elemental_laboratory, grunt_pan_entry_sceptre, hell_entry,
          minmay_misc_feat_roman
Depths:3: evilmike_makhleb_hellhole, hangedman_abyss_or_decor_jellyfish_corner,
          rand_demon_pan_entry_4, hell_entry, firewood_loft,
          infiniplex_staircase_diamond
Depths:4: hangedman_cross_cluster, enter_ziggurat_c,
          hangedman_tar_grid_catacomb, abyss_entry_flame_altar,
          kennysheep_generic_room_12
Depths:5: grunt_twist_and_shout, pf_vacation_house_of_asmodeus,
          old_standard_altar, nemelex_diamond_rough_becter
Abyss:1:  hangedman_decor_riveting, minivault_25_ag

Action                   |  1- 3 |  4- 6 |  7- 9 | 10-12 | 13-15 | 16-18 | 19-21 | 22-24 || total
-------------------------+-------+-------+-------+-------+-------+-------+-------+-------++-------
Melee: War axe           |    58 |    95 |   261 |       |       |       |       |       ||   414
       Battleaxe         |       |       |    66 |   792 |  1131 |  1293 |  1496 |   542 ||  5320
       Mace              |       |       |       |       |    12 |    35 |       |       ||    47
Invok: Upheaval          |       |       |       |     1 |       |       |       |       ||     1
       Disaster Area     |       |       |       |     1 |     2 |     5 |     1 |     4 ||    13
       Elemental Force   |       |       |       |       |     1 |     4 |       |       ||     5
 Abil: Evoke Berserk Rag |       |     2 |     2 |       |       |       |       |       ||     4
Evoke: Wand              |       |       |       |       |       |       |    11 |       ||    11
  Use: Scroll            |       |       |     1 |    17 |    18 |     5 |     9 |     3 ||    53
       Potion            |       |       |       |     1 |     4 |     7 |     5 |     2 ||    19
 Stab: Distracted        |       |       |       |       |     1 |       |       |       ||     1
       Petrifying        |       |       |       |       |     5 |       |       |       ||     5
  Eat: Chunk             |       |     6 |    11 |    26 |    40 |    38 |    24 |     5 ||   150
       Beef jerky        |       |       |     1 |       |       |     2 |     1 |     2 ||     6
       Pizza             |       |       |     1 |       |       |       |       |       ||     1
       Meat ration       |       |       |     1 |       |       |       |       |       ||     1
       Royal jelly       |       |       |       |     1 |     1 |     1 |     1 |     1 ||     5
       Bread ration      |       |       |       |       |       |       |     2 |     1 ||     3
